 Dungeon Crawl Stone Soup version 0.28.0 (webtiles) character file.

Game seed: 17016779675043958264

4 Kikato the Caller (level 1, -1/10 HPs)
             Began as a Deep Elf Summoner on Feb 10, 2022.
             Frozen to death by an endoplasm (5 damage)
             ... on level 1 of the Dungeon.
             The game lasted 00:02:15 (326 turns).

Kikato the Caller (Deep Elf Summoner)                Turns: 326, Time: 00:02:15

Health: -1/10      AC:  2    Str:  5    XL:     1   Next: 58%
Magic:  6/6        EV: 12    Int: 19    God:
Gold:   0          SH:  0    Dex: 15    Spells: 5/6 levels left

rFire   . . .      SeeInvis .   (no weapon)
rCold   . . .      Faith    .   (no shield)
rNeg    . . .      Spirit   .   a - +0 robe
rPois   .          Reflect  .   (no helmet)
rElec   .          Harm     .   (no cloak)
rCorr   .          Rampage  .   (no gloves)
Will    .....                   (no boots)
Stlth   ++........              (no amulet)
HPRegen 0.03/turn               (no ring)
MPRegen 0.10/turn               (no ring)

@: no status effects
A: no striking features
a: no special abilities


You were on level 1 of the Dungeon.
You visited 1 branch of the dungeon, and saw 1 of its levels.

Inventory:

Armour
 a - a +0 robe (worn)
Jewellery
 c - a +4 ring of slaying
Scrolls
 b - a scroll of enchant armour {unknown}


   Skills:
 + Level 2.4 Dodging
 + Level 2.7 Stealth
 + Level 3.1 Spellcasting
 + Level 4.4 Summonings


You had 5 spell levels left.
You knew the following spells:

 Your Spells              Type           Power      Damage    Failure   Level
a - Summon Small Mammal   Summ           80%        N/A       2%          1

Your spell library contained the following spells:

 Spells                   Type           Power      Damage    Failure   Level
 Call Imp                 Summ           20%        N/A       3%          2
 Call Canine Familiar     Summ           20%        N/A       7%          3
 Summon Guardian Golem    Hex/Summ       11%        N/A       19%         3
 Summon Lightning Spire   Summ/Air       11%        N/A       52%         4


Dungeon Overview and Level Annotations

Branches:
Dungeon (1/15)

Altars:


Message History

You kill the rat!
You see here a rat corpse.
Found a gilded ring.
A bat comes into view.
You see here a scroll labelled GIDICEBAU.
Casting: Summon Small Mammal (safe; 2% risk of failure)
Press: ? - help, Q - select action Dir - look around, f - activate
Casting: Summon Small Mammal (safe; 2% risk of failure)
Press: ? - help, Q - select action Dir - look around, f - activate The bat closely misses your quokka.
The bat hits your quokka. The bat barely misses your quokka.
Your quokka barely misses the bat.
Your quokka barely misses the bat.
The bat hits you.
Your quokka bites the bat.
The bat dies!
b - a scroll labelled GIDICEBAU You start resting.
Magic restored.
Your quokka disappears in a puff of smoke!
You start resting.
Your quokka disappears in a puff of smoke!
HP restored.
c - a +4 ring of slaying You open the door.
As you open the door, it creaks loudly!
Found 26 stones.
Found a stone staircase leading down.
A frilled lizard and an endoplasm come into view.
There is an open door here.
You barely miss the endoplasm.
The endoplasm quivers.
The endoplasm jiggles.
The endoplasm freezes you.
You are frozen.
You hit the endoplasm but do no damage. The endoplasm hits you.
You barely miss the endoplasm. The endoplasm freezes you.
You are frozen.
The frilled lizard barely misses you.
You hit the endoplasm.
The endoplasm is lightly wounded.
The endoplasm freezes you.
You are frozen.
Ouch! That really hurt!
You die...

.............#
####........^#
..#..#'####### #
#.##.#.# .## #.##.#.#
#..# ..#....# ###..>#
#....#.# #....#
#.#.############....#
#.#............'@.(.#
..##############Jl..#
### #....# #....#
#....# #....# #....#
#....#


You could see an endoplasm and a frilled lizard.

Vanquished Creatures
  A goblin (D:1)
  A rat (D:1)
2 creatures vanquished.

Vanquished Creatures (collateral kills)
  A hobgoblin (D:1)
  A bat (D:1)
  A rat (D:1)
3 creatures vanquished.

Grand Total: 5 creatures vanquished

Notes
Turn   | Place    | Note
-------+----------+-------------------------------------------
     0 | D:1      | Kikato the Deep Elf Summoner began the quest for the Orb.
     0 | D:1      | Reached XP level 1. HP: 10/10 MP: 6/6
   326 | D:1      | Frozen to death by an endoplasm

Illustrated notes

Levels and vault maps discovered:
D:1:      wander_arrival_lonely_grave, layout_basic,
          ebering_ecumenical_altar_rust

Action                   || total
-------------------------++-------
Melee: Unarmed           ||    12
 Cast: Summon Small Mamm ||     6
 Stab: Distracted        ||     1
Armor: Robe              ||     1
Dodge: Dodged            ||     5
